 Dungeon Crawl Stone Soup version 0.28-a0-1213-g0243856f03 (webtiles) character file.

Game seed: 6665860198232653533

340 r3xj the Cudgeller (level 6, -4/56 HPs)
             Began as a Minotaur Fighter on Dec 22, 2021.
             Slain by Edmund (6 damage)
             ... on level 4 of the Dungeon.
             The game lasted 00:08:35 (3898 turns).

r3xj the Cudgeller (Minotaur Fighter)               Turns: 3898, Time: 00:08:37

Health: -4/56      AC:  7    Str: 23    XL:     6   Next: 30%
Magic:  5/5        EV:  9    Int:  5    God:
Gold:   148        SH:  4    Dex:  9    Spells: 5/5 levels left

rFire   . . .      SeeInvis .   a - +0 flail
rCold   . . .      Faith    .   c - +0 buckler
rNeg    . . .      Spirit   .   b - +0 scale mail
rPois   .          Reflect  .   (helmet restricted)
rElec   .          Harm     .   (no cloak)
rCorr   .          Rampage  .   (no gloves)
Will    +....                   (no boots)
Stlth   ..........              (no amulet)
HPRegen 0.18/turn               g - ring of willpower
MPRegen 0.09/turn               (no ring)

@: no status effects
A: horns 2, retaliatory headbutt
a: no special abilities


You were on level 4 of the Dungeon.
You visited 1 branch of the dungeon, and saw 4 of its levels.

You collected 148 gold pieces.

Inventory:

Hand Weapons
 a - a +0 flail (weapon)
Armour
 b - a +0 scale mail (worn)
 c - a +0 buckler (worn)
Jewellery
 g - a ring of willpower (left hand)
Wands
 p - a wand of paralysis (7)
Scrolls
 f - 2 scrolls of identify {unknown}
 h - a scroll of magic mapping {unknown}
 k - 2 scrolls of teleportation {unknown}
 m - a scroll of enchant armour {unknown}
 n - a scroll of torment {unknown}
Potions
 d - a potion of might
 e - a potion of heal wounds {unknown}
 i - a potion of flight {unknown}
 j - 2 potions of degeneration {unknown}
 l - a potion of lignification {unknown}
 o - a potion of brilliance {unknown}
 q - a potion of magic {unknown}


   Skills:
 + Level 5.2 Fighting
 * Level 5.8 Maces & Flails
 + Level 5.2 Armour
 - Level 4.0 Shields


You had 5 spell levels left.
You didn't know any spells.
Your spell library contained the following spells:

 Spells                   Type           Power      Damage    Failure   Level
 Sting                    Tmut/Pois      0%         1d3       77%         1
 Poisonous Vapours        Pois/Air       0%         N/A       88%         2
 Olgreb's Toxic Radiance  Pois           0%         N/A       100%        4


Dungeon Overview and Level Annotations

Branches:
Dungeon (4/15)             Temple (0/1) D:4

Altars:
Ashenzari
Nemelex Xobeh
Xom
Zin

Shops:
D:2 [

Annotations:
D:2 Shop behind rocks. Dig later
D:4 Edmund


Innate Abilities, Weirdness & Mutations

You have a pair of horns on your head.
You reflexively headbutt those who attack you in melee.


Message History

Edmund is nearby!
A giant cockroach comes into view.
You hit Edmund. You headbutt Edmund, but do no damage.
Edmund is lightly wounded.
Edmund hits you with a +4 flail of protection.
You hit Edmund but do no damage.
Edmund is lightly wounded.
Edmund hits you but does no damage.
Edmund hits you with a +4 flail of protection!
You barely miss Edmund.
Edmund is lightly wounded.
Edmund hits you with a +4 flail of protection.
Edmund barely misses you. The giant cockroach barely misses you.
You hit Edmund.
Edmund is moderately wounded.
Edmund hits you with a +4 flail of protection!
The giant cockroach bites you but does no damage.
You closely miss Edmund.
Edmund is moderately wounded.
Edmund hits you but does no damage.
Edmund hits you with a +4 flail of protection!
The giant cockroach barely misses you.
You hit Edmund.
Edmund is moderately wounded.
Edmund hits you with a +4 flail of protection.
The giant cockroach bites you but does no damage.
You block Edmund's attack.
The giant cockroach completely misses you.
You hit Edmund but do no damage.
Edmund is moderately wounded.
Edmund hits you with a +4 flail of protection.
* * * LOW HITPOINT WARNING * * *
The giant cockroach bites you but does no damage.
You hit Edmund. Your headbutt misses Edmund.
Edmund is moderately wounded.
Edmund hits you with a +4 flail of protection!
* * * LOW HITPOINT WARNING * * *
The giant cockroach bites you but does no damage.
Edmund hits you with a +4 flail of protection.
You die...

... ..#. #.
..###....
##.#..........
#.... #.....#
#...###..>..#
#.....#.....#..
#..#...@B......
#..##..@##
#..###...#
######........#.
#...............#
#.#####.####....#
## ##.## #.#
....... .# #...#
#.# #....### .#
#...# #.# ##.#.#
.# #...# #.# .#.#


You could see Edmund (fast) and a giant cockroach.

Vanquished Creatures
  Blork the orc (D:4)
  A gnoll sergeant (D:2)
  Ijyb (D:3)
  Robin (D:1)
  3 gnolls (D:3)
  5 adders
  A worm (D:2)
  5 dart slugs
  An orc (D:4)
  4 endoplasms
  11 giant cockroaches (D:2)
  14 goblins
  9 hobgoblins
  8 kobolds
  4 quokkas
  4 ball pythons
  6 bats
  4 frilled lizards
  4 rats
  3 toadstools (D:1)
90 creatures vanquished.

Vanquished Creatures (others)
  A toadstool (D:1)
1 creature vanquished.

Grand Total: 91 creatures vanquished

Notes
Turn   | Place    | Note
-------+----------+-------------------------------------------
     0 | D:1      | r3xj the Minotaur Fighter began the quest for the Orb.
     0 | D:1      | Reached XP level 1. HP: 19/19 MP: 0/0
   190 | D:1      | Reached XP level 2. HP: 25/27 MP: 1/1
   224 | D:1      | You fall into a shaft and drop 1 floor!
   243 | D:2      | Reached XP level 3. HP: 26/33 MP: 2/2
   441 | D:2      | Found Kuidijeo's Armour Shop.
  1138 | D:1      | Reached XP level 4. HP: 40/40 MP: 3/3
  1808 | D:2      | Noticed Robin
  1855 | D:1      | Killed Robin
  2364 | D:3      | Noticed Ijyb
  2370 | D:3      | Paralysed by Ijyb for 4 turns
  2381 | D:3      | Killed Ijyb
  2382 | D:3      | Reached XP level 5. HP: 45/47 MP: 4/4
  2525 | D:2      | Reached skill level 5 in Maces & Flails
  2793 | D:3      | Reached skill level 5 in Armour
  2800 | D:3      | Reached skill level 5 in Fighting
  3066 | D:3      | Found a broken altar of Ashenzari.
  3578 | D:4      | Found a sparkling altar of Nemelex Xobeh.
  3578 | D:4      | Found a glowing silver altar of Zin.
  3578 | D:4      | Found a shimmering altar of Xom.
  3581 | D:4      | Reached XP level 6. HP: 56/56 MP: 5/5
  3597 | D:4      | Noticed Blork the orc
  3611 | D:4      | Killed Blork the orc
  3887 | D:4      | Noticed Edmund
  3888 | D:4      | Found a staircase to the Ecumenical Temple.
  3898 | D:4      | HP: 2/56 [Edmund (11)]
  3898 | D:4      | Slain by Edmund

Illustrated notes

Levels and vault maps discovered:
D:1:      ldierk_water_garden, layout_basic, minmay_misc_feat_roman,
          bh_walls_and_bars
D:2:      minmay_roachtagon, layout_basic, serial_shops, shop_statue, uniq_robin
D:3:      layout_loops_ring, mainiacjoe_overflow_24_doors, grunt_ministairs_4,
          uniq_ijyb
D:4:      layout_loops_ring, mainiacjoe_overflow_small_starburst,
          chequers_temple_overflow_statue_of_worship, minmay_temple_entry_tees,
          grunt_ministairs_2, minmay_snake_closets, uniq_blork_the_orc,
          uniq_duvessa, uniq_natasha, uniq_edmund

Skill      XL: |  1  2  3  4  5 |
---------------+----------------+-----
Maces & Flails | 3 4 5 |  5.8
Armour         | 4 5 |  5.2
Shields        | 4 |  4.0
Fighting       | 4 5 |  5.2

Action                   |  1- 3 |  4- 6 || total
-------------------------+-------+-------++-------
Melee: Flail             |    90 |   116 ||   206
       Headbutt          |    18 |    22 ||    40
Armor: Scale mail        |    55 |    41 ||    96
Dodge: Dodged            |    53 |    47 ||   100
Block: Buckler           |    21 |    17 ||    38

Table legend: (Time is in decaauts)
 A = Elapsed time spent in this place.
 B = Non-inter-level travel time spent in this place.
 C = Inter-level travel time spent in this place.
 D = Time resting spent in this place.
 E = Time spent auto-exploring this place.
 F = Levels seen in this place.
 G = Mean time per level.
                   A        B        C        D        E       F      G
               +--------+--------+--------+--------+--------+-----+--------+
         Total |   3941 |   3842 |     99 |    629 |   2594 |   4 |  985.2 |
       Dungeon |   3941 |   3842 |     99 |    629 |   2594 |   4 |  985.2 |
               +--------+--------+--------+--------+--------+-----+--------+

Top non-repeatable levels by time:
     D:1: 1314 daAuts
     D:2: 1251 daAuts
     D:3: 1020 daAuts
     D:4: 354 daAuts
